 Dungeon Crawl Stone Soup version 0.31-a0-744-gbc345e7fcb (webtiles) character file.

Game seed: 1597811289357382893

192412 Newt the Victor of a Thousand Battles (level 17, -15/133 HPs)
             Began as a Demonspawn Gladiator on Sept 13, 2023.
             Was the Champion of Okawaru.
             Killed from afar by a deep elf annihilator (57 damage)
             ... with an entropic shot
             ... on level 3 of the Elven Halls.
             The game lasted 00:40:22 (28204 turns).

Newt the Victor of a Thousand Battles (DsGl)       Turns: 28204, Time: 00:40:22

Health: -15/133    AC: 28    Str: 27    XL:     17   Next: 61%
Magic:  28/28      EV: 25    Int:  7    God:    Okawaru [******]
Gold:   1788       SH: 16    Dex: 25    Spells: 16/16 levels left

rFire   + + +        B - +10 short sword "Odideung" {elec, rElec rPois rF+++ Dex-4}
rCold   + + .        r - +3 buckler of Zeafiose {Will+ rCorr}
rNeg    . . .        V - +4 ice dragon scales of Honesty {rF- rC++ Regen+ Str+4}
rPois   +            c - +0 hat "Oletau" {-Cast rF+ Str+2}
rElec   +            J - +2 cloak {rCorr}
rCorr   +            G - +2 pair of gloves
SInv    .            (boots unavailable)
Will    ++...        W - amulet of reflection
Stlth   ++++         O - +6 ring of dexterity
HPRegen 1.22/turn    C - +5 ring of evasion
MPRegen 0.21/turn

%: no spellcasting, reflection
@: no status effects
A: hooves 3, slimy green scales 3, foul stench 2, spiny 1, horns 1, agile 1,
strong 1
}: 1/15 runes: abyssal
a: Renounce Religion, Heroism, Finesse, Duel


You were on level 3 of the Elven Halls.
You worshipped Okawaru.
Okawaru was exalted by your worship.
You visited 5 branches of the dungeon, and saw 26 of its levels.
You visited the Abyss 2 times.

You collected 2298 gold pieces.
You spent 510 gold pieces at shops.

Inventory:

Hand Weapons
 a - the +7 sling of Woe {freeze, rElec}
   (You found it on level 11 of the Dungeon)

   rElec:     It insulates you from electricity.
 B - the +10 short sword "Odideung" (weapon) {elec, rElec rPois rF+++ Dex-4}
   (You found it on level 5 of the Dungeon)

   Dex-4:     It affects your dexterity (-4).
   rF+++:     It renders you almost immune to fire.
   rElec:     It insulates you from electricity.
   rPois:     It protects you from poison
 M - the +6 falchion of Innocence {freeze, rCorr Int+3 SInv}
   (You bought it in a shop on level 2 of the Orcish Mines)

   Int+3:     It affects your intelligence (+3).
   SInv:      It lets you see invisible.
   rCorr:     It protects you from acid and corrosion.
Missiles
 d - 3 throwing nets
 e - 12 javelins
 I - 17 boomerangs (quivered)
 Q - 60 poisoned darts
Armour
 c - the +0 hat "Oletau" (worn) {-Cast rF+ Str+2}
   (Okawaru gifted it to you on level 3 of the Elven Halls)

   Str+2:     It affects your strength (+2).
   rF+:       It protects you from fire.
   -Cast:     It prevents spellcasting.
 r - the +3 buckler of Zeafiose (worn) {Will+ rCorr}
   (You acquired it on level 4 of the Dungeon)

   Will+:     It increases your willpower.
   rCorr:     It protects you from acid and corrosion.
 x - the +14 crystal plate armour of Subjectivity {Rampage}
   (Okawaru gifted it to you on level 3 of the Lair of Beasts)

   Rampage:   It bestows one free step when moving towards enemies.
 G - a +2 pair of gloves (worn)
 J - a +2 cloak of preservation (worn)
 K - a scarf of shadows
 V - the +4 ice dragon scales of Honesty (worn) {rF- rC++ Regen+ Str+4}
   (Okawaru gifted it to you on level 1 of the Lair of Beasts)

   Str+4:     It affects your strength (+4).
   rF-:       It makes you vulnerable to fire.
   rC++:      It greatly protects you from cold.
   Regen+:    It increases your rate of health regeneration.
Jewellery
 g - an amulet of faith
 i - an amulet of guardian spirit
 j - a ring of flight
 q - a ring of protection from fire
 t - a ring of protection from cold
 C - a +5 ring of evasion (right hand)
 E - a ring of ice
 O - a +6 ring of dexterity (left hand)
 W - an amulet of reflection (around neck)
 X - a ring of resist corrosion
Wands
 n - a wand of polymorph (38)
 z - a wand of mindburst (17)
 D - a wand of roots (13)
 N - a wand of flame (47)
 Y - a wand of acid (15)
Scrolls
 k - 2 scrolls of brand weapon
 m - 7 scrolls of teleportation
 p - 10 scrolls of identify
 u - a scroll of amnesia
 y - 3 scrolls of silence
 A - a scroll of blinking
 F - 4 scrolls of revelation
 L - 4 scrolls of fog
 S - 3 scrolls of enchant weapon
 U - 2 scrolls of enchant armour
Potions
 b - 6 potions of ambrosia
 f - 6 potions of curing
 h - 4 potions of brilliance
 l - 3 potions of lignification
 o - 3 potions of enlightenment
 s - a potion of resistance
 v - 2 potions of mutation
 w - 3 potions of heal wounds
 H - a potion of haste
 P - a potion of invisibility
 R - 2 potions of attraction
 T - 4 potions of might
 Z - 2 potions of berserk rage


   Skills:
 - Level 12.0 Fighting
 - Level 14.0 Short Blades
 - Level 3.0 Maces & Flails
 - Level 1.2 Polearms
 - Level 1.7 Throwing
 - Level 10.3 Armour
 * Level 12.3 Dodging
 - Level 12.5 Stealth
 - Level 10.0 Shields
 - Level 15.2 Invocations
 - Level 5.9 Evocations


You had 16 spell levels left.
You didn't know any spells.
Your spell library contained the following spells:

 Spells                   Type           Power      Damage    Failure   Level
 Apportation              Tloc           0%         N/A       75%         1
 Magic Dart               Conj           0%         1d3       75%         1
 Jinxbite                 Hex            0%         N/A       87%         2
 Passwall                 Tmut/Erth      0%         N/A       87%         2
 Frozen Ramparts          Ice            0%         1d1       98%         3
 Mephitic Cloud           Conj/Pois/Air  0%         N/A       98%         3
 Olgreb's Toxic Radiance  Pois           0%         N/A       100%        4
 Petrify                  Tmut/Erth      0%         N/A       100%        4
 Vhi's Electric Charge    Tloc/Air       0%         N/A       100%        4
 Alistair's Intoxication  Tmut/Pois      0%         N/A       100%        5
 Arcjolt                  Conj/Air       0%         1d10      100%        5
 Irradiate                Conj/Tmut      0%         3d11      100%        5
 Metabolic Englaciation   Hex/Ice        0%         N/A       100%        5
 Plasma Beam              Fire/Air       0%         2x1d10    100%        6
 Discord                  Hex            0%         N/A       100%        8
 Ignition                 Fire           0%         3d3       100%        8
 Call Imp                 Summ           Unusable   N/A       N/A         2

Dungeon Overview and Level Annotations

Branches:
Dungeon (15/15)            Temple (1/1) D:7            Lair (5/5) D:10
 Shoals (0/4) Lair:3       Spider (0/4) Lair:3        Slime (0/5) Lair:4
    Orc (2/2) D:9             Elf (3/3) Orc:2        Vaults (0/5) D:13
 Depths (0/4) D:15

Altars:
Ashenzari
Cheibriados
Dithmenos
Fedhas
Gozag
Hepliaklqana
Kikubaaqudgha
Makhleb
Nemelex Xobeh
Okawaru
Qazlal
Ru
Sif Muna
Trog
Uskayaw
Vehumet
Wu Jian
Xom
Yredelemnul
Jiyva

Shops:
D:13 ?   Orc:2 ((*(

Annotations:
D:12 3 runed translucent doors, Jingleheimer's ghost, journeyman TrSh


Innate Abilities, Weirdness & Mutations

You have hooves in place of feet.
You are completely covered in slimy green scales. (AC +4, rPois)
You sometimes emit foul miasma when damaged in melee.
You are partially covered in sharp spines.
You have a pair of small horns on your head.
You are agile. (Dex +4, Str/Int -1)
Your muscles are strong. (Str +4, Int/Dex -1)


Message History

You see here a scroll of identify.
Found an ancient scale mail and the +7 captain's cutlass {speed, disarm}.
You see here a potion of berserk rage.
You puncture the deep elf sorcerer! You headbutt the deep elf sorcerer.
The deep elf sorcerer is moderately wounded.
You puncture the deep elf sorcerer! You kick the deep elf sorcerer.
The deep elf sorcerer is heavily wounded.
The deep elf sorcerer howls an incantation.
The deep elf sorcerer glows brightly for a moment.
The deep elf annihilator casts a spell at you.
The crystal spear hits you!!!
You puncture the deep elf sorcerer! You kick the deep elf sorcerer.
You headbutt the deep elf sorcerer!
The deep elf sorcerer is severely wounded.
You closely miss the deep elf sorcerer.
You kick the deep elf sorcerer, but do no damage.
You headbutt the deep elf sorcerer, but do no damage.
The deep elf sorcerer is severely wounded.
The deep elf sorcerer is struck by your spines.
The deep elf sorcerer completely misses you.
Unknown command.
You puncture the deep elf sorcerer!
You kill the deep elf sorcerer!
Okawaru accepts your kill.
You barely miss the deep elf annihilator.
You kick the deep elf annihilator!
The deep elf annihilator is lightly wounded.
The deep elf annihilator casts a spell at you.
The entropic shot hits you!!!
You are too injured to fight recklessly!
Unknown command.
You are too injured to fight recklessly!
You are too injured to fight recklessly!
You puncture the deep elf annihilator! You headbutt the deep elf annihilator!
The deep elf annihilator is heavily wounded.
You puncture the deep elf annihilator!
The deep elf annihilator is severely wounded.
The deep elf annihilator gestures at you while chanting.
The entropic shot hits you!!!
You die...

.......#..........## #.##
......###.......)..## ####
......# ##..........##
#......###......#.....##
###......#......###.....##
##.##...........##)##.....##
##...##.........##.)[##.....#
#.).()##.......##([)$:##...##
.=[|/..##.....##@e.))))##.##
..=..|))##...##?))=/)|$[###
.(.:..[).'#.#'.$=$$$$/))
########################


You could see a deep elf annihilator.

Vanquished Creatures
  A deep elf master archer (Elf:3)
  Kirke (D:14)
  A thorn hunter (Abyss:3)
  8 deep elf sorcerers (Elf:3)
  6 deep elf elementalists (Elf:3)
  2 orc warlords (Orc:2)
  A war gargoyle (Abyss:3)
  Nessos (D:12)
  8 deep elf demonologists
  9 deep elf annihilators (Elf:3)
  A dire elephant (D:15)
  Snorg (D:12)
  The ghost of Mahon the Fighter, a journeyman DrWn of Wu Jian (Lair:2)
  5 deep elf death magi
  A deep elf high priest (Elf:3)
  An ettin (Orc:2)
  A fire dragon (Lair:5)
  Josephine (Lair:3)
  4 vault guards (D:13)
  4 hydras
  A rakshasa (D:13)
  3 two-headed ogres
  5 centaur warriors
  2 catoblepae (Abyss:3)
  25 dancing weapons
  14 death yaks
  3 boulder beetles
  3 tengu warriors
  2 orc high priests
  The ghost of Dittersdorf the Fighter, a novice GrFi of Okawaru (D:8)
  2 skysharks (Lair:4)
  13 deep elf knights
  A fire crab (Lair:5)
  An orb spider (Lair:3)
  A death drake (Abyss:3)
  A swamp dragon (Lair:5)
  41 deep elf pyromancers
  9 deep elf archers
  4 orc sorcerers
  3 orc knights (Orc:2)
  30 deep elf zephyrmancers
  5 cyclopes
  A salamander (D:15)
  5 ugly things
  A salamander (shapeshifter) (Elf:2)
  4 manticores
  7 elephants
  A moth of wrath (Lair:2)
  A moth of wrath (shapeshifter) (Abyss:3)
  Jeremiah (D:6)
  6 black mambas
  A smoke demon (Abyss:3)
  2 gargoyles
  15 cane toads
  An unseen horror (D:11)
  A cane toad (shapeshifter) (D:13)
  3 efreet
  2 unseen horror zombies (D:8)
  A spectral unseen horror (D:8)
  15 komodo dragons
  Psyche (D:8)
  A kobold demonologist (D:11)
  A tengu conjurer (D:14)
  5 catoblepas skeletons (Abyss:3)
  An ancient zyme (Abyss:3)
  11 trolls
  A queen bee (Lair:2)
  A hellwing (D:9)
  A hornet (D:9)
  3 saltlings (Orc:2)
  2 polar bears
  A large abomination (Abyss:3)
  9 blink frogs
  A raiju (Abyss:3)
  4 air elementals
  15 slime creatures
  Sigmund (D:5)
  2 shadows
  47 yaks
  7 wyverns
  5 water elementals
  7 wraiths
  A vampire (D:12)
  3 steam dragons
  6 basilisks
  2 fire elementals
  14 humans
  2 vampire mosquitoes (D:13)
  A chaos spawn (D:9)
  4 wargs
  2 acid dragons
  8 water moccasins
  3 swamp drakes (Lair:5)
  4 black bears
  23 orc warriors
  8 ogres
  15 centaurs
  16 wolves
  Blork the orc (D:5)
  3 phantoms
  16 kobold brigands
  10 bullfrogs
  A spectral wyvern (D:8)
  7 scorpions
  5 gnoll sergeants
  4 earth elementals
  5 wights
  19 killer bees (Lair:2)
  6 howler monkeys
  A crimson imp (D:9)
  Crazy Yiuf (D:6)
  A centaur zombie (D:8)
  A gnoll bouda (D:7)
  A small abomination (Abyss:2)
  12 orc priests
  4 jellies
  2 iguanas
  An iron imp (D:5)
  A sleepcap (D:6)
  Natasha (twice) (D:2)
  16 orc wizards
  Robin (D:1)
  30 gnolls
  9 adders
  A shadow imp (D:9)
  2 white imps
  5 ufetubi
  A worm (D:5)
  5 dart slugs
  54 orcs
  8 ball pythons
  6 bats
  4 endoplasms
  3 giant cockroaches (D:1)
  14 goblins
  7 hobgoblins
  3 jackals (D:4)
  29 kobolds
  5 quokkas
  2 frilled lizards
  3 rats
847 creatures vanquished.

Vanquished Creatures (others)
  A deep elf knight (Elf:1)
  A deep elf pyromancer (Elf:3)
  A slime creature (D:12)
  A basilisk (Lair:5)
  2 kobolds
6 creatures vanquished.

Grand Total: 853 creatures vanquished

Notes
Turn   | Place    | Note
-------+----------+-------------------------------------------
     0 | D:1      | Newt the Demonspawn Gladiator began the quest for the Orb.
     0 | D:1      | Reached XP level 1. HP: 16/16 MP: 1/1
   377 | D:1      | Gained mutation: You have large cloven feet. [demonic
                  | ancestry]
   377 | D:1      | Reached XP level 2. HP: 23/23 MP: 2/2
   802 | D:1      | Gained mutation: You have hoof-like feet. [demonic
                  | ancestry]
   802 | D:1      | Reached XP level 3. HP: 25/29 MP: 3/3
  1149 | D:2      | Noticed Robin
  1351 | D:1      | Killed Robin
  1569 | D:2      | Reached XP level 4. HP: 38/38 MP: 4/4
  1627 | D:2      | Noticed Natasha
  1634 | D:2      | Killed Natasha
  1799 | D:2      | Reached skill level 5 in Fighting
  1909 | D:2      | Noticed Natasha
  1918 | D:2      | Killed Natasha
  1919 | D:2      | Reached skill level 1 in Polearms
  1919 | D:2      | Gained mutation: You may rarely emit foul miasma when
                  | damaged in melee. [demonic ancestry]
  1919 | D:2      | Reached XP level 5. HP: 41/44 MP: 5/5
  2228 | D:3      | Reached skill level 1 in Maces & Flails
  2697 | D:3      | Noticed a phantom
  2716 | D:3      | Killed a phantom
  3280 | D:4      | Reached XP level 6. HP: 51/51 MP: 6/6
  3385 | D:4      | Identified a scroll of acquirement
  3385 | D:4      | Acquired the +3 buckler of Zeafiose {Will+ rCorr}
  3528 | D:4      | Reached skill level 1 in Armour
  3545 | D:5      | Entered Level 5 of the Dungeon
  3950 | D:4      | Gained mutation: You are partially covered in slimy green
                  | scales. (AC +2) [demonic ancestry]
  3950 | D:4      | Reached XP level 7. HP: 35/56 MP: 7/7
  4565 | D:5      | Noticed Sigmund
  4577 | D:5      | Killed Sigmund
  4578 | D:5      | Gained mutation: You are partially covered in sharp spines.
                  | [demonic ancestry]
  4578 | D:5      | Reached XP level 8. HP: 53/68 MP: 8/8
  4650 | D:5      | Identified the +10 short sword "Odideung" {elec, rElec
                  | rPois rF+++ Dex-4}
  4782 | D:5      | Found a snail-covered altar of Cheibriados.
  4846 | D:5      | Noticed Blork the orc
  4853 | D:5      | Killed Blork the orc
  5287 | D:6      | Reached skill level 5 in Short Blades
  5484 | D:6      | Noticed Jeremiah
  5545 | D:6      | Killed Jeremiah
  5873 | D:6      | Reached XP level 9. HP: 74/74 MP: 9/9
  5901 | D:6      | Found an opulent altar of Gozag.
  6002 | D:6      | Found a runed translucent door.
  6003 | D:6      | Noticed Crazy Yiuf
  6860 | D:6      | Killed Crazy Yiuf
  7871 | D:7      | Found a shimmering blue altar of Sif Muna.
  7982 | D:7      | Found a stormy altar of Qazlal.
  8053 | D:7      | Found a staircase to the Ecumenical Temple.
  8082 | Temple   | Entered the Ecumenical Temple
  8137 | D:8      | Reached skill level 10 in Short Blades
  8223 | D:8      | Reached XP level 10. HP: 80/80 MP: 10/10
  8279 | D:8      | Found a broken altar of Ashenzari.
  8301 | D:8      | Found a runed translucent gate.
  8301 | D:8      | Found a runed translucent gate.
  8301 | D:8      | Found a runed translucent gate.
  8317 | D:8      | Found a large runed translucent door.
  8317 | D:8      | Found a large runed translucent door.
  8858 | D:8      | Noticed Psyche
  8867 | D:8      | Killed Psyche
  8868 | D:8      | Reached skill level 5 in Dodging
  8951 | D:8      | Noticed a two-headed ogre
  8960 | D:8      | Killed a two-headed ogre
  9225 | D:8      | Found a blossoming altar of Fedhas.
  9298 | D:8      | Noticed Dittersdorf's ghost (novice GrFi)
  9380 | D:8      | Killed Dittersdorf's ghost
  9796 | D:8      | Found a sparkling altar of Nemelex Xobeh.
  9806 | D:8      | Found a bloodstained altar of Trog.
  9920 | D:9      | Reached skill level 1 in Evocations
 10021 | D:9      | Found an iron altar of Okawaru.
 10029 | D:9      | Became a worshipper of Warmaster Okawaru
 10034 | D:9      | Reached XP level 11. HP: 84/86 MP: 11/11
 10086 | D:9      | Found a staircase to the Orcish Mines.
 10139 | D:9      | Noticed a two-headed ogre
 10145 | D:9      | Killed a two-headed ogre
 10175 | D:9      | Noticed a two-headed ogre
 10183 | D:9      | Killed a two-headed ogre
 10183 | D:9      | Reached * piety under Okawaru
 10184 | D:9      | Reached skill level 5 in Evocations
 10576 | D:9      | Reached ** piety under Okawaru
 10672 | D:9      | Reached skill level 1 in Stealth
 10708 | D:10     | Entered Level 10 of the Dungeon
 11213 | D:10     | Found a staircase to the Lair.
 11344 | D:11     | Reached *** piety under Okawaru
 11345 | D:11     | Reached skill level 5 in Stealth
 11420 | D:11     | Identified the +7 sling of Woe {freeze, rElec}
 11780 | D:11     | Reached **** piety under Okawaru
 12176 | D:11     | Gained mutation: You are mostly covered in slimy green
                  | scales. (AC +3) [demonic ancestry]
 12176 | D:11     | Reached XP level 12. HP: 92/92 MP: 12/12
 12527 | D:12     | Received a gift from Okawaru
 12541 | D:12     | Found a runed translucent gate.
 12541 | D:12     | Found a runed translucent gate.
 12541 | D:12     | Found a runed translucent gate.
 12593 | D:12     | Reached skill level 1 in Invocations
 12730 | D:12     | Reached skill level 2 in Invocations
 12732 | D:12     | Found an opulent altar of Gozag.
 12734 | D:12     | Noticed Jingleheimer's ghost (journeyman TrSh)
 12736 | D:12     | Noticed a yaktaur captain
 12852 | D:12     | Reached skill level 3 in Invocations
 12943 | D:12     | Noticed Snorg
 12947 | D:12     | Killed Snorg
 12948 | D:12     | Reached skill level 5 in Invocations
 13049 | D:12     | Reached skill level 6 in Invocations
 13086 | D:12     | Noticed Nessos
 13098 | D:12     | Killed Nessos
 13098 | D:12     | Reached ***** piety under Okawaru
 13099 | D:12     | Reached skill level 7 in Invocations
 13532 | D:13     | Reached skill level 8 in Invocations
 13571 | D:13     | Noticed a rakshasa
 13599 | D:13     | Killed a rakshasa
 13600 | D:13     | Reached skill level 9 in Invocations
 13845 | D:13     | Noticed a tengu warrior
 13845 | D:13     | Noticed a tengu warrior
 13854 | D:13     | Killed a tengu warrior
 13872 | D:13     | Killed a tengu warrior
 13872 | D:13     | Received a gift from Okawaru
 13873 | D:13     | Reached skill level 10 in Invocations
 13973 | D:13     | Noticed a centaur warrior
 13989 | D:13     | Killed a centaur warrior
 13990 | D:13     | Reached skill level 11 in Invocations
 14003 | D:13     | Noticed a vault guard
 14003 | D:13     | Noticed a vault guard
 14024 | D:13     | Killed a vault guard
 14041 | D:13     | Noticed a vault guard
 14042 | D:13     | Killed a vault guard
 14043 | D:13     | Reached skill level 12 in Invocations
 14076 | D:13     | Killed a vault guard
 14077 | D:13     | Noticed a vault guard
 14104 | D:13     | Killed a vault guard
 14105 | D:13     | Reached skill level 13 in Invocations
 14153 | D:13     | Found a gate to the Vaults.
 14168 | D:13     | Identified the +3 kite shield of Moygu {rC++}
 14508 | D:13     | Gained mutation: You are completely covered in slimy green
                  | scales. (AC +4, rPois) [demonic ancestry]
 14508 | D:13     | Reached XP level 13. HP: 98/98 MP: 21/23
 14519 | D:13     | Reached ****** piety under Okawaru
 14825 | D:13     | Found Mimiryah's Magic Scroll Shoppe.
 14834 | D:13     | Bought a scroll of identify for 22 gold pieces
 14834 | D:13     | Bought a scroll of identify for 22 gold pieces
 14834 | D:13     | Bought 3 scrolls of identify for 66 gold pieces
 14994 | D:14     | Reached skill level 14 in Invocations
 15043 | D:14     | Noticed Kirke
 15092 | D:14     | Killed Kirke
 15120 | D:14     | Reached skill level 15 in Invocations
 15463 | D:14     | Identified the +0 leather armour of Beorrotub {rPois rF+
                  | rC-}
 15507 | D:14     | Received a gift from Okawaru
 15790 | D:15     | Entered Level 15 of the Dungeon
 15889 | D:15     | Reached skill level 10 in Stealth
 15920 | D:15     | Received a gift from Okawaru
 16129 | D:15     | Found a staircase to the Depths.
 16129 | D:15     | Noticed a dire elephant
 16157 | D:15     | Killed a dire elephant
 16528 | D:15     | Found an opulent altar of Gozag.
 16796 | Lair:1   | Entered Level 1 of the Lair of Beasts
 16911 | Lair:1   | Identified the +4 ice dragon scales of Honesty {rF- rC++
                  | Regen+ Str+4} (Okawaru gifted it to you on level 1 of the
                  | Lair of Beasts)
 16911 | Lair:1   | Received a gift from Okawaru
 17211 | Lair:1   | Gained mutation: You sometimes emit foul miasma when
                  | damaged in melee. [demonic ancestry]
 17211 | Lair:1   | Reached XP level 14. HP: 88/105 MP: 25/25
 17798 | Lair:2   | Reached skill level 5 in Armour
 18033 | Lair:2   | Noticed Mahon's ghost (journeyman DrWn)
 18062 | Lair:2   | Found a transporter.
 18571 | Lair:2   | Found a transporter.
 18852 | Lair:2   | Received a gift from Okawaru
 18877 | Lair:2   | Killed Mahon's ghost
 19191 | Lair:3   | Noticed Josephine
 19214 | Lair:3   | Killed Josephine
 19328 | Lair:3   | Found a staircase to the Shoals.
 19354 | Lair:3   | Identified the +14 crystal plate armour of Subjectivity
                  | {Rampage} (Okawaru gifted it to you on level 3 of the Lair
                  | of Beasts)
 19354 | Lair:3   | Received a gift from Okawaru
 19491 | Lair:3   | Found a hole to the Spider Nest.
 19579 | Lair:3   | You fall into a shaft and drop 1 floor!
 19679 | Lair:4   | Identified the +4 sling "Emoypeeng" {drain, rElec rN++ MP+9
                  | Dex+2}
 19797 | Lair:4   | Found a staircase to the Slime Pits.
 19809 | Lair:4   | Found a viscous altar of Jiyva.
 19931 | Lair:4   | Reached skill level 10 in Armour
 20791 | Lair:5   | Entered Level 5 of the Lair of Beasts
 21083 | Lair:5   | Reached XP level 15. HP: 66/114 MP: 26/26
 21107 | Lair:5   | Reached skill level 10 in Fighting
 21309 | Lair:5   | Received a gift from Okawaru
 22135 | Orc:1    | Entered Level 1 of the Orcish Mines
 22147 | Orc:1    | Gained mutation: Armour fits poorly on your strangely
                  | shaped body. [potion of mutation]
 22147 | Orc:1    | Gained mutation: You have a pair of small horns on your
                  | head. [potion of mutation]
 22147 | Orc:1    | Gained mutation: You possess an exceptional clarity of
                  | mind. [potion of mutation]
 22148 | Orc:1    | Lost mutation: Armour fits poorly on your strangely shaped
                  | body. [potion of mutation]
 22148 | Orc:1    | Lost mutation: You possess an exceptional clarity of mind.
                  | [potion of mutation]
 22148 | Orc:1    | Gained mutation: You occasionally lose the ability to drink
                  | potions when taking damage. [potion of mutation]
 22148 | Orc:1    | Gained mutation: You occasionally lose the ability to read
                  | scrolls when taking damage. [potion of mutation]
 22149 | Orc:1    | Lost mutation: You occasionally lose the ability to drink
                  | potions when taking damage. [potion of mutation]
 22149 | Orc:1    | Lost mutation: You occasionally lose the ability to read
                  | scrolls when taking damage. [potion of mutation]
 22149 | Orc:1    | Gained mutation: Your muscles are strong. (Str +4, Int/Dex
                  | -1) [potion of mutation]
 22149 | Orc:1    | Gained mutation: You are agile. (Dex +4, Str/Int -1)
                  | [potion of mutation]
 22295 | Orc:2    | Entered Level 2 of the Orcish Mines
 22660 | Orc:2    | Found a staircase to the Elven Halls.
 22689 | Orc:2    | Reached skill level 1 in Shields
 22773 | Orc:2    | Received a gift from Okawaru
 22826 | Orc:2    | Found Jotiss's Weapon Shop.
 22847 | Orc:2    | Found Luimerphen's Assorted Antiques.
 22897 | Orc:2    | Found Hoal's Antique Weapon Shoppe.
 22903 | Orc:2    | Bought a jewelled falchion for 232 gold pieces
 22903 | Orc:2    | Identified the +6 falchion of Innocence {freeze, rCorr
                  | Int+3 SInv} (You bought it in a shop on level 2 of the
                  | Orcish Mines)
 22907 | Orc:2    | Bought a potion of curing for 72 gold pieces
 22907 | Orc:2    | Bought a scroll of identify for 48 gold pieces
 22907 | Orc:2    | Bought a scroll of identify for 48 gold pieces
 23261 | Orc:2    | Found Wauvviem's Antique Weapon Shoppe.
 23304 | Orc:2    | Reached skill level 5 in Shields
 23392 | Elf:1    | Entered Level 1 of the Elven Halls
 23531 | Elf:1    | Noticed a Brimstone Fiend
 24034 | Elf:1    | Received a gift from Okawaru
 24055 | Elf:1    | Gained mutation: You have hooves in place of feet. [demonic
                  | ancestry]
 24055 | Elf:1    | Reached XP level 16. HP: 112/127 MP: 27/27
 24864 | Elf:2    | Reached skill level 10 in Shields
 24917 | Elf:2    | Paralysed by an air elemental for 1 turns
 25274 | Elf:2    | Found a huge runed translucent gate.
 25274 | Elf:2    | Found a huge runed translucent gate.
 25274 | Elf:2    | Found a huge runed translucent gate.
 25274 | Elf:2    | Found a huge runed translucent gate.
 25278 | Elf:2    | Found a huge runed translucent gate.
 25468 | Elf:2    | Received a gift from Okawaru
 26055 | Elf:2    | Received a gift from Okawaru
 26487 | Elf:3    | Entered Level 3 of the Elven Halls
 26536 | Elf:3    | Identified the +0 hat "Oletau" {-Cast rF+ Str+2} (Okawaru
                  | gifted it to you on level 3 of the Elven Halls)
 26536 | Elf:3    | Received a gift from Okawaru
 26825 | Elf:3    | Paralysed by an air elemental for 1 turns
 26874 | Elf:3    | Reached XP level 17. HP: 133/133 MP: 28/28
 26890 | Elf:3    | Noticed a deep elf master archer
 26895 | Elf:3    | Killed a deep elf master archer
 26904 | Abyss:2  | Cast into level 2 of the Abyss (a deep elf sorcerer)
 26932 | Abyss:2  | Found a corrupted altar of Lugonu.
 26995 | Elf:3    | Escaped the Abyss
 27020 | Elf:3    | Noticed an Ice Fiend
 27035 | Abyss:3  | Cast into level 3 of the Abyss (a deep elf sorcerer)
 27290 | Abyss:3  | Reached skill level 10 in Dodging
 27373 | Abyss:3  | Got an abyssal rune of Zot
 27439 | Abyss:3  | Found a corrupted altar of Lugonu.
 27478 | Elf:3    | Escaped the Abyss
 27789 | Elf:3    | Identified the +2 robe of Okawaru's Outrage {+Blink rN++
                  | Dex-2 Slay+2} (Okawaru gifted it to you on level 3 of the
                  | Elven Halls)
 27789 | Elf:3    | Received a gift from Okawaru
 28048 | Elf:3    | Identified the +9 scimitar of the Sharing Gods {freeze,
                  | rCorr Int+3}
 28148 | Elf:3    | Identified the +9 shortbow of Contention {flame, Dex+3
                  | SInv}
 28156 | Elf:3    | Got the Precepts of Icy Sculpting
 28196 | Elf:3    | Found the +7 captain's cutlass {speed, disarm}
 28204 | Elf:3    | Killed from afar by a deep elf annihilator

Illustrated notes

Levels and vault maps discovered:
D:1:      dpeg_arrival_signposts, layout_loops_corners
D:2:      layout_basic, uniq_robin, uniq_natasha
D:3:      layout_loops_ring, hangedman_glass_teeth
D:4:      layout_basic, minmay_cupped
D:5:      layout_basic, slow_altar_2, serial_rivers,
          chequers_serial_rivers_room_b, chequers_serial_rivers_marsh,
          chequers_serial_rivers_micro_e, chequers_serial_rivers_small_3,
          chequers_serial_rivers_small_3, chequers_serial_rivers_small_3,
          st_stairs_8, minmay_splitting_lines, uniq_sigmund, uniq_blork_the_orc
D:6:      layout_basic, marbit_many_paths, feat_on_display, uniq_jeremiah,
          uniq_crazy_yiuf_cottage
D:7:      layout_basic, tgw_sif, nicolae_overflow_crystal_walls,
          minmay_temple_entry_antechambers
D:8:      layout_loops_cross, fedhas_altar_4, general_overflow_altar,
          jmf_multi_god_temple2, gammafunk_ghost_necromancy, uniq_psyche
D:9:      layout_irregular_city, mainiacjoe_overflow_tiny_flanked,
          tso_oasis_becter, nicolae_demonic_statue_gallery
D:10:     layout_rooms, david_lair_shrubbed
D:11:     layout_gridville, special_room [special_room_kobold]
D:12:     layout_basic, ebering_ghost_gozag, uniq_nessos, uniq_snorg
D:13:     layout_long_grid, ximxim_vaults_locker_room, serial_shops,
          nicolae_shop_crystal
D:14:     nicolae_hitomezashi [nicolae_hito_row, nicolae_hito_row,
          nicolae_hito_row, nicolae_hito_row, nicolae_hito_row,
          nicolae_hito_row, nicolae_hito_row, nicolae_hito_row,
          nicolae_hito_row, nicolae_hito_row, nicolae_hito_row,
          nicolae_hito_row, nicolae_hito_row, nicolae_hito_row,
          nicolae_hito_row, nicolae_hito_row, nicolae_hito_row,
          nicolae_hito_row], layout_stronghold, uniq_kirke
D:15:     hangedman_depths_entry_try_elsewhere_first, layout_cave_pools,
          serial_park, serial_park_tiny_2, serial_park_gazebo
          [serial_park_minivault_5x5_7], serial_park_tiny_1, minmay_door_square
Temple:   chequers_temple_sunken
Lair:1:   layout_chaotic_city, infiniplex_staircase_pool_2, grunt_megastairs_5
Lair:2:   layout_loops_ring, gammafunk_ghost_berserking_beasts, special_room
          [special_room_bee]
Lair:3:   layout_cave_pods, shoals_dummy_entry,
          nicolae_spider_entry_orb_guardian, grunt_forest_large_clearings,
          lemuel_fruit_tree, uniq_josephine
Lair:4:   layout_regular_city, minmay_slime_entry_pillars
Lair:5:   wormcave, layout_gridlike, guppyfry_lair_end_dragon,
          grunt_forest_small_clearings, lemuel_another_geyser
Orc:1:    layout_caves, elf_legates
Orc:2:    hellmonk_orc_salted, layout_diamond_mine, elves_outpost_lemuel
Elf:1:    minmay_elf_arrival_summoners, layout_geoelf_diagonals,
          minmay_elf_demonology, dk_noncrumbling_4
Elf:2:    elven_hall_of_blades_hangedman_alternative
          [nicolae_blade_entry_antechamber], layout_loops_cross
Elf:3:    minmay_elf_hall_four_x, layout_gridlike

Skill      XL: |  1  2  3  4  5  6  7  8  9 10 11 12 13 14 15 16 17 |
---------------+----------------------------------------------------+-----
Fighting       | 3 4 5 7 8 9 12 | 12.0
Polearms       | 1 |  1.2
Maces & Flails | 2 3 |  3.0
Armour         | 3 10 | 10.3
Short Blades   | 6 10 13 14 | 14.0
Dodging        | 4 9 12 | 12.3
Evocations     | 2 5 |  5.9
Stealth        | 8 12 | 12.5
Invocations    | 13 15 | 15.2
Shields        | 8 10 | 10.0
Throwing       | |  1.7

Action                     |  1- 3 |  4- 6 |  7- 9 | 10-12 | 13-15 | 16-18 || total
---------------------------+-------+-------+-------+-------+-------+-------++-------
  Melee: Rapier            |   111 |     7 |       |       |       |       ||   118
         Kick              |    19 |    34 |    64 |   140 |       |   298 ||   555
         Punch             |     2 |     1 |       |       |       |       ||     3
         Glaive            |       |    19 |       |       |       |       ||    19
         Morningstar       |       |   130 |    60 |       |       |       ||   190
         Short sword       |       |       |   153 |   699 |  1716 |   665 ||  3233
         Headbutt          |       |       |       |       |   164 |   208 ||   372
         Falchion          |       |       |       |       |    11 |       ||    11
  Throw: Throwing net      |       |     1 |       |       |       |       ||     1
         Boomerang         |       |       |     7 |       |       |     3 ||    10
 Invoke: Heroism           |       |       |       |       |     5 |     2 ||     7
  Evoke: Wand              |       |       |       |     7 |     2 |     3 ||    12
    Use: Scroll            |     4 |     6 |     2 |     5 |     9 |       ||    26
         Potion            |       |     2 |       |     2 |     4 |     4 ||    12
   Stab: Sleeping          |       |     1 |       |     8 |    15 |    17 ||    41
         Distracted        |       |       |       |       |     4 |     2 ||     6
 Armour: Leather armour    |    70 |   125 |    69 |       |       |       ||   264
         Steam dragon scal |       |       |    36 |    22 |       |       ||    58
         Skin              |       |       |       |    86 |       |       ||    86
         Troll leather arm |       |       |       |   136 |   101 |       ||   237
         Ice dragon scales |       |       |       |       |   363 |   233 ||   596
         Crystal plate arm |       |       |       |       |    25 |       ||    25
  Dodge: Dodged            |    92 |   148 |    96 |   221 |   679 |   165 ||  1401
  Block: Buckler           |       |    21 |    53 |   213 |   694 |   226 ||  1207
         Reflection        |       |       |       |    13 |    23 |    18 ||    54

Table legend: (Time is in decaauts)
 A = Elapsed time spent in this place.
 B = Non-inter-level travel time spent in this place.
 C = Inter-level travel time spent in this place.
 D = Time resting spent in this place.
 E = Time spent auto-exploring this place.
 F = Levels seen in this place.
 G = Mean time per level.
                   A        B        C        D        E       F      G
               +--------+--------+--------+--------+--------+-----+--------+
         Total |  26840 |  25627 |   1213 |   5436 |  15249 |  28 |  958.6 |
       Dungeon |  16444 |  15624 |    820 |   3417 |   9758 |  15 | 1096.3 |
        Temple |      1 |      0 |      1 |      0 |      0 |   1 |    1.0 |
          Lair |   4875 |   4628 |    247 |    684 |   2897 |   5 |  975.0 |
  Orcish Mines |   1115 |   1054 |     61 |      0 |    764 |   2 |  557.5 |
   Elven Halls |   3918 |   3836 |     82 |   1298 |   1647 |   3 | 1306.0 |
         Abyss |    484 |    484 |      0 |     37 |    183 |   2 |  242.0 |
               +--------+--------+--------+--------+--------+-----+--------+

Top non-repeatable levels by time:
     D:6: 2310 daAuts
     D:8: 1704 daAuts
   Elf:2: 1539 daAuts
     D:1: 1499 daAuts
    D:13: 1382 daAuts
  Lair:2: 1323 daAuts
   Elf:1: 1300 daAuts
     D:3: 1186 daAuts
  Lair:4: 1162 daAuts
     D:5: 1146 daAuts
    D:11: 1142 daAuts
  Lair:5: 1084 daAuts
   Elf:3: 1078 daAuts
    D:12: 971 daAuts
   Orc:2: 967 daAuts
